 Dungeon Crawl Stone Soup version 0.18.1-1-g2f07953 (webtiles) character file.

142 epen the Ruffian (level 5, -6/46 HPs)
             Began as a Ghoul Monk on May 6, 2016.
             Mangled by an ogre
             ... wielding a +0 giant club
              (21 damage)
             ... on level 4 of the Dungeon.
             The game lasted 00:05:05 (2751 turns).

epen the Ruffian (Ghoul Monk)                       Turns: 2751, Time: 00:05:05

Health: -6/46      AC:  3    Str: 16    XL:     5   Next: 24%
Magic:  4/4        EV: 13    Int:  5    God:
Gold:   146        SH:  0    Dex: 11    Spells: 0 memorised, 4 levels left

rFire  + . .     SeeInvis .       - Unarmed
rCold  + . .     Gourm    .     a - +0 robe
rNeg   + + +     Faith    .     (no shield)
rPois  ∞         Spirit   .     h - +0 helmet
rElec  .         Dismiss  .     (no cloak)
rCorr  .         Reflect  .     (no gloves)
SustAt .         Harm     .     (no boots)
MR     .....                    (no amulet)
Stlth  +.........               y - ring of protection from fire
                                r - ring of loudness (curse)

@: rotting, not resistant to hostile enchantments, very unstealthy
A: rotting body, claws 1, carnivore 3, cold resistance 1, negative energy
resistance 3, slow regeneration 1, torment resistance, unbreathing
a: no special abilities


You were on level 4 of the Dungeon.
You were not hungry.

You visited 1 branch of the dungeon, and saw 4 of its levels.

You collected 146 gold pieces.

Inventory:

Armour
 a - a +0 robe (worn)
 h - a +0 helmet (worn)
 m - a +0 scale mail
Jewellery
 r - a cursed ring of loudness (left claw)
 w - an uncursed ring of flight
 y - a ring of protection from fire (right claw)
Scrolls
 d - 3 scrolls of identify {unknown}
 e - a scroll of noise {unknown}
 g - a scroll of teleportation {unknown}
 k - 2 scrolls of magic mapping {unknown}
 l - 2 scrolls of remove curse {unknown}
 n - a scroll of blinking {unknown}
 p - a scroll of immolation {unknown}
 t - 2 scrolls of enchant weapon {unknown}
Potions
 c - a potion of beneficial mutation {unknown}
 f - a potion of curing {unknown}
 i - a potion of resistance {unknown}
 o - a potion of degeneration {unknown}
 q - a potion of invisibility {unknown}
 u - a potion of heal wounds {unknown}
 x - a potion of flight {unknown}
 B - a potion of lignification {unknown}
Books
 s - a book of Geomancy

   Spells                             Type                      Level
   a - Sandblast                      Earth                        1
   b - Passwall                       Transmutation/Earth          2
   c - Stone Arrow                    Conjuration/Earth            3
   d - Petrify                        Transmutation/Earth          4
   e - Lee's Rapid Deconstruction     Earth                        5
Comestibles
 b - 2 meat rations
 j - a slice of pizza
 v - a beef jerky
 z - a chunk of flesh
 A - a royal jelly


   Skills:
 + Level 3.9 Fighting
 + Level 1.0 Armour
 * Level 3.9 Dodging
 - Level 2.1 Stealth
 * Level 5.4 Unarmed Combat


You had 4 spell levels left.
You didn't know any spells.

Dungeon Overview and Level Annotations

Branches:
Dungeon (4/15)
 Temple: D:4-7

Altars:
Xom
The Shining One

Annotations:
D:3 ponynephrine's ghost, amateur HuWn


Innate Abilities, Weirdness & Mutations

Your body is rotting away.
You thrive on raw meat.
You are immune to poison.
You have sharp fingernails.
You are carnivorous and can eat meat at any time.
Your flesh is cold resistant.
You are immune to negative energy.
You regenerate slowly when monsters are visible.
You are immune to unholy pain and torment.
You can survive without breathing.


Message History

You barely miss the ogre. The ogre hits you with a giant club!
You scratch the ogre but do no damage. The ogre completely misses you.
You scratch the ogre.
The ogre is lightly wounded.
You scratch the ogre.
The ogre is lightly wounded.
The ogre barely misses you.
You scratch the ogre but do no damage.
The ogre is lightly wounded.
The ogre barely misses you.
You claw the ogre!
The ogre is moderately wounded.
You barely miss the ogre.
The ogre is moderately wounded.
The ogre hits you with a giant club!!
Ouch! That really hurt!
You claw the ogre!
The ogre is heavily wounded.
The ogre hits you with a giant club!!
You die...

.# ... #.# #.#
#.# ..######.# #
...#
.........##.##..
...
.......@O.......
...
.#######.#.####
..# #.#.# ## #..#
######.#.# #. ...
#........# #.#.#
#.####...##.#<#
#....[.....##.#
..........##.#.##
##.##.##........#


You could see an ogre.

Vanquished Creatures
  A hound (D:3)
  A worker ant (D:4)
  Terence (D:3)
  An adder (D:2)
  A worm (D:3)
  2 dart slugs (D:1)
  An orc (D:3)
  2 ball pythons (D:1)
  8 bats
  2 giant cockroaches (D:1)
  7 goblins
  5 hobgoblins
  A jackal (D:3)
  A kobold (D:1)
  A quokka (D:3)
  8 giant newts
  9 rats
52 creatures vanquished.

Notes
Turn   | Place    | Note
--------------------------------------------------------------
     0 | D:1      | epen the Ghoul Monk began the quest for the Orb.
     0 | D:1      | Reached XP level 1. HP: 19/19 MP: 0/0
    90 | D:1      | Reached XP level 2. HP: 22/26 MP: 1/1
   158 | D:1      | Found a glowing golden altar of the Shining One.
   424 | D:1      | Reached XP level 3. HP: 28/28 MP: 2/2
  1149 | D:2      | Found a shimmering altar of Xom.
  1449 | D:2      | Reached skill level 5 in Unarmed Combat
  1665 | D:3      | Noticed ponynephrine's ghost (amateur HuWn)
  2034 | D:3      | Reached XP level 4. HP: 26/39 MP: 3/3
  2080 | D:3      | Noticed Terence
  2092 | D:3      | Killed Terence
  2558 | D:3      | Reached XP level 5. HP: 44/46 MP: 4/4
  2715 | D:4      | Reached skill level 1 in Armour
  2740 | D:4      | Noticed an ogre
  2751 | D:4      | Mangled by an ogre

Skill      XL: |  1  2  3  4  5 |
---------------+----------------+-----
Dodging        | 3 |  3.9
Unarmed Combat | 5 |  5.4
Armour         | 1 |  1.0
Fighting       | |  3.9
Stealth        | |  2.1

Action                   |  1- 3 |  4- 6 || total
-------------------------+-------+-------++-------
Melee: Unarmed           |   144 |    51 ||   195
       Punch             |     3 |     3 ||     6
 Stab: Sleeping          |     7 |       ||     7
       Distracted        |     1 |       ||     1
  Eat: Chunk             |    13 |    10 ||    23
Armor: Robe              |    37 |    16 ||    53
Dodge: Dodged            |   114 |    39 ||   153
